 Dungeon Crawl Stone Soup version 0.19-a0-330-g034cfd4 (webtiles) character file.

49312 epen the Destroyer (level 14, -2/82 HPs)
             Began as a Deep Elf Air Elementalist on May 28, 2016.
             Was a High Priest of Vehumet.
             Slain by a dire elephant (4 damage)
             ... on level 8 of the Lair of Beasts.
             The game lasted 01:25:55 (22518 turns).

epen the Destroyer (Deep Elf Air Elementalist)     Turns: 22518, Time: 01:25:56

Health: -2/82      AC: 12    Str:  5    XL:     14   Next: 15%
Magic:  24/49      EV: 20    Int: 31    God:    Vehumet [*****.]
Gold:   1349       SH:  0    Dex: 15    Spells: 7 memorised, 3 levels left

rFire  . . .     SeeInvis .     z - +3 short sword (elec)
rCold  + . .     Gourm    .     T - +0 robe of Proximity {MP+9 Int+3} (curse)
rNeg   . . .     Faith    .     (no shield)
rPois  .         Spirit   .     (no helmet)
rElec  +         Dismiss  .     n - +1 cloak
rCorr  .         Reflect  .     V - +1 pair of gloves
SustAt .         Harm     .     o - +2 pair of boots "Hyanal" {rElec Int+2 Slay+3}
MR     +....                    f - amulet of regeneration
Stlth  ++........               p - +3 ring of protection
                                R - ring of magical power

@: deflect missiles, somewhat resistant to hostile enchantments, unstealthy
A: cold resistance 1
a: Renounce Religion


You were on level 8 of the Lair of Beasts.
You worshipped Vehumet.
Vehumet was extremely pleased with you.
You were near starving.

You visited 3 branches of the dungeon, and saw 19 of its levels.
You also visited: Labyrinth, Sewer, Ossuary and Volcano.

You collected 1349 gold pieces.

Inventory:

Hand Weapons
 z - a +3 short sword of electrocution (weapon)
Missiles
 S - 4 throwing nets (quivered)
Armour
 n - a +1 cloak (worn)
 o - the +2 pair of boots "Hyanal" (worn) {rElec Int+2 Slay+3}
   (You found it on level 8 of the Dungeon)

   It affects your intelligence (+2).
   It affects your accuracy and damage with ranged weapons and melee attacks
   (+3).
   It insulates you from electricity.
 T - the cursed +0 robe of Proximity (worn) {MP+9 Int+3}
   (You found it on level 4 of the Lair of Beasts)

   It affects your intelligence (+3).
   It affects your magic capacity (+9).
   It has a curse placed upon it.
 V - a +1 pair of gloves (worn)
Magical Staves
 U - an uncursed staff of conjuration
 Y - an uncursed staff of wizardry
Jewellery
 f - an amulet of regeneration (around neck)
 p - a +3 ring of protection (right hand)
 A - an uncursed ring of protection from magic
 C - an uncursed ring of protection from fire
 R - a ring of magical power (left hand)
Wands
 r - a wand of iceblast (3/15)
 H - a wand of hasting (1/9)
 K - a wand of teleportation (5/9)
 L - a wand of digging (11/24)
 P - a wand of flame (21/48)
 Q - a wand of disintegration (11/24)
 X - a wand of hasting (3/9)
Scrolls
 k - 3 scrolls of magic mapping
 t - 2 scrolls of teleportation
 w - 3 scrolls of fog
 x - 11 scrolls of remove curse
 y - 3 scrolls of enchant armour
 I - 6 scrolls of identify
 O - 5 scrolls of recharging
Potions
 a - a potion of mutation {unknown}
 g - 3 potions of agility
 h - 2 potions of brilliance
 i - 7 potions of heal wounds
 j - 13 potions of curing
 m - 3 potions of cure mutation
 q - 5 potions of might
 s - 3 potions of flight
 u - a potion of lignification
 v - a potion of cancellation
 B - a potion of ambrosia
 M - 4 potions of resistance
 N - a potion of berserk rage
Books
 b - a book of Air

   Spells                             Type                      Level
   a - Shock                          Conjuration/Air              1
   b - Swiftness                      Charms/Air                   2
   c - Repel Missiles                 Charms/Air                   2
   d - Static Discharge               Conjuration/Air              3
   e - Lightning Bolt                 Conjuration/Air              5
 G - a Fen Folio

   Spells                             Type                      Level
   a - Corpse Rot                     Necromancy                   2
   b - Stone Arrow                    Conjuration/Earth            3
   c - Leda's Liquefaction            Hexes/Earth                  4
   d - Summon Forest                  Summoning/Translocation      5
   e - Hydra Form                     Transmutation                6
   f - Summon Hydra                   Summoning                    7
 J - a book of Clouds

   Spells                             Type                      Level
   a - Mephitic Cloud                 Conjuration/Poison/Air       3
   b - Conjure Flame                  Conjuration/Fire             3
   c - Poisonous Cloud                Conjuration/Poison/Air       6
   d - Freezing Cloud                 Conjuration/Ice/Air          6
   e - Ring of Flames                 Charms/Fire                  7
 Z - a book of Enchantments

   Spells                             Type                      Level
   a - Cause Fear                     Hexes                        4
   b - Yara's Violent Unravelling     Hexes/Transmutation          5
   c - Silence                        Hexes/Air                    5
   d - Deflect Missiles               Charms/Air                   6
   e - Haste                          Charms                       6
   f - Discord                        Hexes                        8
Miscellaneous
 F - a fan of gales
Comestibles
 c - 10 bread rations
 d - 13 fruits
 l - 8 meat rations
 D - 4 beef jerkies


   Skills:
 + Level 7.3 Fighting
 - Level 3.0 Armour
 + Level 11.3 Dodging
 - Level 2.4 Stealth
 + Level 11.3 Spellcasting
 * Level 13.5 Conjurations
 - Level 3.4 Charms
 + Level 6.9 Ice Magic
 * Level 13.2 Air Magic


You had 3 spell levels left.
You knew the following spells:

 Your Spells              Type           Power        Failure   Level  Hunger
a - Shock                 Conj/Air       ####         0%          1    None
b - Orb of Destruction    Conj           #######...   3%          7    ######.
c - Static Discharge      Conj/Air       #######.     1%          3    None
d - Freezing Cloud        Conj/Ice/Air   ######....   1%          6    ####...
e - Lightning Bolt        Conj/Air       #######...   1%          5    ##.....
f - Airstrike             Air            #######...   1%          4    None
g - Deflect Missiles      Chrm/Air       ######....   17%         6    ####...


Dungeon Overview and Level Annotations

Branches:
Dungeon (10/15)            Temple (1/1) D:4            Lair (8/8) D:10
  Swamp (0/4) Lair:4       Spider (0/4) Lair:3
  Slime: Lair:6-8       Orc: D:9-12

Altars:
Ashenzari
Cheibriados
Dithmenos
Elyvilon
Fedhas
Gozag
Hepliaklqana
Kikubaaqudgha
Makhleb
Nemelex Xobeh
Okawaru
Pakellas
Qazlal
Ru
Sif Muna
Trog
Ukayaw
Vehumet
Xom
Yredelemnul
Zin
The Shining One

Shops:
D:7 (


Innate Abilities, Weirdness & Mutations

Your flesh is cold resistant. (rC+)


Message History

The dire elephant is engulfed in freezing vapours.
The dire elephant misses you. The dire elephant trunk-slaps you.
* * * LOW HITPOINT WARNING * * *
The plant is engulfed in freezing vapours.
The water moccasin bites the fungus.
The fungus is poisoned.
The water moccasin poisons the fungus!
The dire elephant is engulfed in freezing vapours.
The water moccasin bites the plant but does no damage.
The fungus is destroyed!
The plant is engulfed in freezing vapours.
The dire elephant is engulfed in freezing vapours.
The plant is engulfed in freezing vapours.
The plant is engulfed in freezing vapours.
The plant is engulfed in freezing vapours.
The death yak gores you!
* * * LOW HITPOINT WARNING * * *
The plant is engulfed in freezing vapours.
You destroy the plant!
The dire elephant closely misses you. The dire elephant trunk-slaps you.
You die...

♣♣♣§♣.................#
♣♣§§♣§.......÷.........##
..♣♣§♣....÷.÷...........##
♣♣♣♣§§.....÷.........P...##
♣♣.♣..§÷.........PPPP...#.####
♣...............P.P......##.#
♣♣......................P##.##
♣.....................[.....#
♣♣♣♣..........@...........P##
♣...........Y......<......#
♣♣♣♣.......Yt............##
......................##
.....................#.#
....P...P..............#
...PP.P.§§§..........#
....PPP.§§§....(...P##
.....PP..§§.........#


You could see a dire elephant, a death yak and a crocodile.

Vanquished Creatures
  Rupert (Lair:7)
  Snorg (Lair:7)
  Josephine (Lair:7)
  A minotaur (Lab)
  Harold (Lair:3)
  8 hydras
  A queen ant (Lair:7)
  A death yak (Lair:8)
  2 unseen horrors (D:10)
  Pikel (D:7)
  An elephant (Lair:8)
  2 black mambas
  A torpor snail (Lair:6)
  A gargoyle (Volcano)
  21 spiny frogs
  8 komodo dragons
  An efreet (Volcano)
  The ghost of Marenglen the Chucker, an amateur TrAM of Yredelemnul (D:5)
  A troll (D:9)
  A two-headed ogre (D:8)
  12 blink frogs
  A boulder beetle (Lair:5)
  2 redbacks (Lab)
  51 yaks
  A human (D:7)
  4 wraiths
  A wyvern (Lair:8)
  A fire elemental (Volcano)
  A hog (D:7)
  2 basilisks
  8 hippogriffs
  A hungry ghost (D:10)
  7 soldier ants (Lair:7)
  9 water moccasins
  13 porcupines
  4 orc warriors
  2 ice beasts
  2 sky beasts
  An eye of draining (D:10)
  A wasp (D:10)
  2 slaves (D:7)
  A black bear (D:7)
  A necrophage (D:8)
  3 ogres
  3 phantoms
  5 centaurs
  11 wolves
  11 crocodiles
  An elf zombie (Ossuary)
  2 big kobolds
  22 giant frogs
  5 scorpions
  2 wyvern skeletons (D:10)
  A water moccasin skeleton (D:10)
  15 killer bees
  6 wights
  3 howler monkeys
  2 centaur zombies
  A giant frog zombie (D:7)
  3 crimson imps
  2 jellies
  2 orc priests
  3 hounds
  3 giant frog skeletons
  7 orc wizards
  7 iguanas
  32 worker ants
  9 sheep
  2 hound zombies (D:10)
  A hound skeleton (D:4)
  3 mummies (Ossuary)
  2 worker ant zombies
  A gnoll (D:1)
  22 adders
  100 river rats
  4 shadow imps
  5 adder zombies
  A worm (D:3)
  3 adder skeletons
  2 dart slugs
  5 giant geckos
  40 orcs
  7 ball pythons
  7 giant cockroaches
  4 goblins
  13 hobgoblins
  12 jackals
  4 quokkas
  20 bats
  2 giant gecko skeletons (D:4)
  6 giant newts
  A gnoll zombie (Ossuary)
  A goblin zombie (Ossuary)
  2 hobgoblin zombies (Ossuary)
  A jackal zombie (D:5)
  23 kobolds
  7 kobold zombies (Ossuary)
  2 orc zombies (D:7)
  A quokka skeleton (D:8)
  A quokka zombie (Ossuary)
  29 rats
  4 rat zombies
  A fire vortex (Volcano)
  7 fungi
  10 plants
701 creatures vanquished.

Vanquished Creatures (others)
  A death yak (Lair:8)
  2 slaves (D:8)
  A centaur (D:8)
  A river rat (Lair:8)
  A quokka (D:8)
  A bush (Lair:7)
  31 fungi
  8 plants
46 creatures vanquished.

Grand Total: 747 creatures vanquished

Notes
Turn   | Place    | Note
--------------------------------------------------------------
     0 | D:1      | epen the Deep Elf Air Elementalist began the quest for the Orb.
     0 | D:1      | Reached XP level 1. HP: 10/10 MP: 6/6
   107 | D:1      | Reached XP level 2. HP: 15/15 MP: 2/8
   111 | D:1      | Learned a level 2 spell: Repel Missiles
   495 | D:1      | Reached XP level 3. HP: 19/19 MP: 3/9
   868 | D:2      | Found a burning altar of Makhleb.
  1230 | D:2      | Learned a level 3 spell: Static Discharge
  1287 | D:2      | Learned a level 2 spell: Swiftness
  1345 | D:2      | Reached XP level 4. HP: 24/24 MP: 3/11
  1487 | D:2      | Found an opulent altar of Gozag.
  1829 | D:3      | Reached skill level 1 in Fighting
  2582 | D:3      | Reached XP level 5. HP: 29/29 MP: 6/13
  2823 | D:3      | Found a snail-covered altar of Cheibriados.
  3236 | D:3      | Reached XP level 6. HP: 32/34 MP: 11/14
  3244 | D:3      | Learned a level 5 spell: Lightning Bolt
  3678 | D:4      | Found a staircase to the Ecumenical Temple.
  3685 | Temple   | Entered the Ecumenical Temple
  3741 | Temple   | Became a worshipper of Vehumet
  3998 | D:5      | Entered Level 5 of the Dungeon
  4034 | D:5      | Noticed Marenglen's ghost (amateur TrAM)
  4043 | D:5      | Killed Marenglen's ghost
  4043 | D:5      | Reached skill level 5 in Air Magic
  4043 | D:5      | Reached XP level 7. HP: 25/39 MP: 7/16
  4169 | D:5      | Reached skill level 5 in Spellcasting
  4753 | D:5      | Reached skill level 1 in Charms
  5048 | D:5      | Reached skill level 5 in Conjurations
  5326 | D:5      | Reached * piety under Vehumet
  5326 | D:5      | Offered knowledge of Magic Dart by Vehumet.
  5326 | D:5      | Reached skill level 5 in Dodging
  5409 | D:6      | Reached XP level 8. HP: 38/45 MP: 5/18
  5499 | D:6      | Found a glowing drain.
  5527 | Sewer    | Entered a sewer
  5877 | Sewer    | Reached ** piety under Vehumet
  5877 | Sewer    | Offered knowledge of Flame Tongue by Vehumet.
  6429 | D:6      | Found an ancient bone altar of Kikubaaqudgha.
  6687 | D:6      | Offered knowledge of Ignite Poison by Vehumet.
  6902 | D:6      | You fall through a shaft for 3 floors!
  6902 | D:9      | Found a sparkling altar of Nemelex Xobeh.
  6907 | D:9      | Found a hide-covered altar to Ukayaw.
  6907 | D:9      | Found a shadowy altar of Dithmenos.
  7041 | D:9      | Found a white marble altar of Elyvilon.
  7188 | D:7      | Found a sand-covered staircase.
  7197 | Ossuary  | Entered an ossuary
  7209 | Ossuary  | Reached *** piety under Vehumet
  7209 | Ossuary  | Reached XP level 9. HP: 30/50 MP: 6/20
  7576 | D:7      | Offered knowledge of Airstrike by Vehumet.
  7585 | D:7      | Reached skill level 1 in Armour
  7705 | D:7      | Learned a level 4 spell: Airstrike
  7731 | D:7      | Found Qinlagust's Antique Weapon Shop.
  8175 | D:7      | Reached **** piety under Vehumet
  8239 | D:7      | Offered knowledge of Venom Bolt by Vehumet.
  8362 | D:7      | Noticed a troll
  8611 | D:7      | Found a glowing golden altar of the Shining One.
  8792 | D:8      | Noticed Pikel
  8807 | D:7      | Killed Pikel
  9461 | D:8      | Reached XP level 10. HP: 54/54 MP: 15/22
  9485 | D:8      | Got a pair of spiked boots
  9491 | D:8      | Identified the +2 pair of boots "Hyanal" {rElec Int+2 Slay+3} (You found it on level 8 of the Dungeon)
  9738 | D:8      | Learned a level 5 spell: Venom Bolt
 10237 | D:8      | Found a deep blue altar of Sif Muna.
 10331 | D:9      | Noticed an angel
 10356 | D:9      | Found a shimmering altar of Xom.
 10391 | D:9      | Gained mutation: Your flesh is cold resistant. (rC+) [mutagenic meat]
 10494 | D:9      | Found a shattered altar of Ashenzari.
 10501 | D:9      | Found a glowing silver altar of Zin.
 10735 | D:9      | Found a blossoming altar of Fedhas.
 10736 | D:9      | Found a hazy altar of Hepliaklqana.
 11233 | D:9      | Reached ***** piety under Vehumet
 11234 | D:9      | Offered knowledge of Freezing Cloud by Vehumet.
 11260 | D:9      | Learned a level 6 spell: Freezing Cloud
 11342 | D:9      | Found an oddly glowing altar of Pakellas.
 11415 | D:10     | Entered Level 10 of the Dungeon
 11819 | D:10     | Reached XP level 11. HP: 60/60 MP: 9/25
 12147 | D:10     | Killed an unseen horror
 12147 | D:10     | Reached skill level 1 in Ice Magic
 12605 | D:10     | Killed an unseen horror
 12605 | D:10     | Reached skill level 10 in Air Magic
 12715 | D:10     | Reached skill level 5 in Fighting
 12998 | D:10     | Found a stormy altar of Qazlal.
 13196 | D:10     | Found a staircase to the Lair.
 13201 | Lair:1   | Entered Level 1 of the Lair of Beasts
 13267 | Lair:1   | Reached skill level 10 in Conjurations
 13345 | Lair:1   | Noticed a five-headed hydra
 13678 | Lair:1   | Found a dark tunnel.
 13685 | Volcano  | Entered a volcano
 13943 | Lair:1   | Offered knowledge of Throw Icicle by Vehumet.
 15266 | Lair:2   | Reached XP level 12. HP: 54/68 MP: 27/27
 16126 | Lair:3   | Noticed a seven-headed hydra
 16314 | Lair:3   | Killed a seven-headed hydra
 16536 | Lair:3   | Noticed Harold
 16554 | Lair:3   | Killed Harold
 16748 | Lair:3   | Found a hole to the Spider Nest.
 17093 | Lair:4   | Got a silken robe
 17094 | Lair:4   | Identified the cursed +0 robe of Proximity {MP+9 Int+3} (You found it on level 4 of the Lair of Beasts)
 17388 | Lair:4   | Reached skill level 10 in Dodging
 17415 | Lair:4   | Offered knowledge of Poisonous Cloud by Vehumet.
 17430 | Lair:4   | Found a staircase to the Swamp.
 17702 | Lair:4   | Noticed an eight-headed hydra
 17706 | Lair:4   | Killed an eight-headed hydra
 17820 | Lair:5   | Reached skill level 10 in Spellcasting
 17992 | Lair:5   | Reached skill level 5 in Ice Magic
 18165 | Lair:5   | Learned a level 6 spell: Deflect Missiles
 18582 | Lair:5   | Noticed an eight-headed hydra
 18602 | Lair:5   | Killed an eight-headed hydra
 18604 | Lair:5   | Reached XP level 13. HP: 71/75 MP: 1/29
 19197 | Lair:6   | Found a labyrinth entrance.
 19219 | Lab      | Entered a labyrinth
 19329 | Lab      | Noticed a minotaur
 19337 | Lab      | Killed a minotaur
 19728 | Lair:6   | Offered knowledge of Orb of Destruction by Vehumet.
 19747 | Lair:6   | Learned a level 7 spell: Orb of Destruction
 20197 | Lair:7   | Noticed Rupert
 20202 | Lair:7   | Noticed Josephine
 20945 | Lair:7   | Killed Josephine
 21219 | Lair:7   | Noticed Snorg
 21231 | Lair:7   | Killed Snorg
 21545 | Lair:7   | Killed Rupert
 21545 | Lair:7   | Reached XP level 14. HP: 82/82 MP: 19/31
 21778 | Lair:8   | Entered Level 8 of the Lair of Beasts
 21867 | Lair:8   | Offered knowledge of Poison Arrow by Vehumet.
 22517 | Lair:8   | HP: 1/82 [death yak (13)]
 22518 | Lair:8   | Slain by a dire elephant

Vault maps used:
D:1:      lightli_arrival_flooded_house, minmay_misc_feat_five
D:2:      nicolae_gozag_seed_capital, lemuel_crystal_altar
D:3:      lemuel_doored_altar, first_bread
D:6:      kiku_gazebo_pond_becter, gup_sewer_entry_glass
D:7:      tso_metal_star, enter_ossuary_3, serial_shops, shop, grunt_livestock,
          lightli_corner_chamber
D:8:      lemuel_blue_sif_altar, uniq_pikel
D:9:      grunt_temple_overflow_order_and_chaos_1, lemuel_crystal_altar,
          grunt_pakellas_mercury, lemuel_coloured_pillars_altar,
          ashenzari_altar_1, nicolae_overflow_quartered_altars
D:10:     grunt_lair_entry_orc_guard_hut, small_statue_intersection,
          nicolae_qazlal_eye_of_the_storm
Temple:   nicolae_temple_hex_pool
Lair:1:   nicolae_volcano_entry_s_turn, st_stairs_4
Lair:2:   lemuel_fruit_fields
Lair:3:   spider_nest_entry_webs, grunt_megastairs_3, uniq_harold
Lair:4:   swamp_mist_pool
Lair:6:   lab_entry_generic, st_stairs_4
Lair:7:   zaba_antful_of_joy, lemuel_fruit_fields, grunt_megastairs_1,
          uniq_josephine, uniq_snorg, uniq_rupert
Lair:8:   evil_forest, nicolae_slime_entry_slimehenge
Lab:      labyrinth_hidden_loot, nicolae_lab_blocks, nicolae_lab_do_over,
          lab_block, nicolae_lab_x, nicolae_lab_quarters, nicolae_lab_garden
Sewer:    sewer_minmay_treatment
Ossuary:  ossuary_minmay_chase
Volcano:  volcano_overflow

Skill      XL: |  1  2  3  4  5  6  7  8  9 10 11 12 13 |
---------------+----------------------------------------+-----
Conjurations   | 2 3 4 5 6 7 9 10 12 13 | 13.5
Dodging        | 3 4 5 6 8 9 10 11 | 11.3
Fighting       | 1 2 3 4 5 6 7 |  7.3
Air Magic      | 4 5 7 8 9 10 12 13 | 13.2
Spellcasting   | 4 5 6 7 8 9 10 11 | 11.3
Charms         | 1 3 |  3.4
Armour         | 2 3 |  3.0
Ice Magic      | 3 5 6 |  6.9
Stealth        | |  2.4

Action                   |  1- 3 |  4- 6 |  7- 9 | 10-12 | 13-15 || total
-------------------------+-------+-------+-------+-------+-------++-------
Melee: Unarmed           |     3 |       |       |    16 |       ||    19
       Dagger            |       |    17 |       |       |       ||    17
       Short sword       |       |       |    44 |   379 |   219 ||   642
 Cast: Shock             |    64 |   172 |   339 |   146 |     7 ||   728
       Repel Missiles    |     1 |       |       |       |       ||     1
       Static Discharge  |       |     1 |    27 |    22 |    15 ||    65
       Lightning Bolt    |       |       |     9 |    37 |    27 ||    73
       Airstrike         |       |       |    23 |   115 |    53 ||   191
       Venom Bolt        |       |       |       |     7 |       ||     7
       Freezing Cloud    |       |       |       |    45 |    61 ||   106
       Deflect Missiles  |       |       |       |     1 |       ||     1
       Orb of Destructio |       |       |       |       |     6 ||     6
Evoke: Wand              |       |       |       |     1 |     3 ||     4
  Use: Potion            |       |     2 |     1 |     3 |     2 ||     8
       Scroll            |       |     6 |    17 |     9 |     2 ||    34
 Stab: Sleeping          |       |       |       |     4 |       ||     4
  Eat: Chunk             |     1 |     4 |    19 |    43 |    23 ||    90
       Bread ration      |       |     1 |       |       |       ||     1
       Beef jerky        |       |       |     1 |       |     2 ||     3
       Fruit             |       |       |       |     2 |     2 ||     4
       Pizza             |       |       |       |     6 |     2 ||     8
Armor: Robe              |     2 |     6 |    26 |   125 |    45 ||   204
       Skin              |       |       |       |    33 |       ||    33
Dodge: Dodged            |     7 |    38 |   139 |   417 |   244 ||   845
       Deflected         |       |       |     7 |     6 |       ||    13
